 Dungeon Crawl Stone Soup version 0.22.1-1-ga44c0e5 (webtiles) character file.

1440 Zebedee the Ogre Mage (level 8, -1/83 HPs)
             Began as an Ogre Fire Elementalist on Oct 12, 2018.
             Was an Elder of Elyvilon.
             Slain by a worker ant (7 damage)
             ... on level 7 of the Dungeon.
             The game lasted 00:20:06 (7688 turns).

Zebedee the Ogre Mage (Ogre Fire Elementalist)      Turns: 7688, Time: 00:20:06

Health: -1/83      AC:  5    Str: 13    XL:     8   Next: 74%
Magic:  6/17       EV: 10    Int: 18    God:    Elyvilon [****..]
Gold:   298        SH:  0    Dex:  9    Spells: 6/19 levels left

rFire    + . .     SeeInvis .   x - +4 war axe
rCold    + . .     Gourm    .   (no shield)
rNeg     . . .     Faith    .   a - +0 robe
rPois    .         Spirit   .   (helmet restricted)
rElec    .         Reflect  .   q - scarf {rC+ rF+}
rCorr    .         Harm     .   (gloves unavailable)
MR       +....                  (boots unavailable)
Stlth    +.........             n - amulet of the acrobat
HPRegen  0.23/turn              G - +2 ring of protection
MPRegen  0.15/turn              m - ring of protection from magic

@: lethally poisoned (-1 -> -11)
A: large, unfitting armour, tough skin 1
a: Lesser Healing, Heal Other, Purification, Greater Healing, Divine Protection,
Renounce Religion


You were on level 7 of the Dungeon.
You worshipped Elyvilon.
Elyvilon was greatly pleased with you.
You were very hungry.

You visited 2 branches of the dungeon, and saw 8 of its levels.
You also visited: Ossuary.

You collected 298 gold pieces.

Inventory:

Hand Weapons
 d - a +0 dagger
 g - a +0 short sword
 i - the +8 whip "Giant's Demise" {antimagic, *Rage rC+ MP+9 Dex+2}
   (You found it on level 5 of the Dungeon)

   It reduces the magical energy of the wielder, and disrupts the spells and
   magical abilities of those hit.
   Natural abilities and divine invocations are not affected.
   It affects your dexterity (+2).
   It protects you from cold.
   It affects your magic capacity (+9).
   It may make you go berserk in combat.
 x - a +4 war axe (weapon)
 A - a cursed -2 giant spiked club
Missiles
 b - 238 stones (quivered)
 D - 8 javelins
Armour
 a - a +0 robe (worn)
 q - a scarf of resistance (worn)
Jewellery
 m - a ring of protection from magic (right hand)
 n - an amulet of the acrobat (around neck)
 G - a +2 ring of protection (left hand)
Wands
 F - a wand of digging (20)
Scrolls
 e - a scroll of magic mapping {unknown}
 h - 5 scrolls of remove curse
 p - 3 scrolls of enchant weapon {unknown}
 s - a scroll of noise {unknown}
 v - 2 scrolls of fog
 w - a scroll of immolation {unknown}
 y - a scroll of enchant armour {unknown}
 E - 3 scrolls of identify
 H - a scroll of vulnerability {unknown}
Potions
 f - a potion of resistance {unknown}
 j - 2 potions of flight {unknown}
 k - 3 potions of haste
 l - a potion of agility {unknown}
 o - a potion of invisibility {unknown}
 r - a potion of ambrosia {unknown}
 t - 2 potions of magic
 u - 2 potions of heal wounds {unknown}
 z - 2 potions of cancellation {unknown}
 B - a potion of curing {unknown}
 C - a potion of lignification {unknown}
Comestibles
 c - 8 rations


   Skills:
 * Level 5.7 Fighting
 + Level 3.1 Axes
 - Level 1.7 Dodging
 - Level 1.4 Stealth
 + Level 6.0 Spellcasting
 + Level 4.3 Conjurations
 + Level 5.6 Fire Magic


You had 6 spell levels left.
You knew the following spells:

 Your Spells              Type           Power        Failure   Level  Hunger
a - Flame Tongue          Conj/Fire      ###..        1%          1    None
b - Conjure Flame         Conj/Fire      ###.....     4%          3    ##.....
c - Sticky Flame          Conj/Fire      ###.....     16%         4    ####...
d - Fireball              Conj/Fire      ###.......   41%         5    #####..

Your spell library contained the following spells:

 Spells                   Type           Power        Failure   Level  Hunger
 Throw Flame              Conj/Fire      ###...       2%          2    None
 Inner Flame              Hex/Fire       ###.....     12%         3    ##.....


Dungeon Overview and Level Annotations

Branches:
Dungeon (7/15)             Temple (1/1) D:6

Altars:
Ashenzari
Cheibriados
Dithmenos
Elyvilon
Fedhas
Gozag
Hepliaklqana
Makhleb
Nemelex Xobeh
Okawaru
Qazlal
Ru
Trog
Uskayaw
Wu Jian
Xom
Yredelemnul
Zin
The Shining One

Shops:
D:5 =


Innate Abilities, Weirdness & Mutations

You are too large for most types of armour.
You have tough skin. (AC +1)


Message History

You feel sick. The worker ant barely misses you.
The worker ant completely misses you.
You hit the worker ant but do no damage.
The worker ant is heavily wounded.
You feel sick. The worker ant bites you.
* * * LOW HITPOINT WARNING * * *
You are lethally poisoned!
The worker ant poisons you!
You hit the worker ant.
The worker ant is severely wounded.
* * * LOW HITPOINT WARNING * * *
You feel sick.
The worker ant bites you but does no damage.
The worker ant bites you.
* * * LOW HITPOINT WARNING * * *
You hit the worker ant.
The worker ant is almost dead.
* * * LOW HITPOINT WARNING * * *
You feel sick. The worker ant bites you!
You die...

. ..#######
........#
....<#.###### ..#
#.......<# #+# #+#.#
#.#.###### #.# #.#.#
#@#.# #####.# #.#.#
#a#.# ......## #.#.#
#Z#.# ...#...#
#.#.###5#.#
...#...###.#.....#.#
...'.....5..>......#
...#..........######
...#..........+
...#.........[#


You could see a worker ant, a crimson imp and a bullfrog zombie.

Vanquished Creatures
  An orc warrior (D:5)
  An ice beast (D:6)
  2 ogres
  3 elf zombies (Ossuary)
  A bullfrog (D:6)
  A howler monkey (D:5)
  6 centaur zombies (Ossuary)
  A hound (D:4)
  A jelly (D:6)
  3 orc priests
  3 human zombies (Ossuary)
  2 worker ants
  Natasha (twice) (D:4)
  2 orc wizards (D:6)
  3 mummies (Ossuary)
  8 adders
  A shadow imp (D:6)
  2 oozes
  2 worms
  2 dart slugs (D:3)
  2 leopard geckos
  10 orcs
  5 goblins
  3 hobgoblins
  10 jackals
  2 quokkas
  6 bats
  6 frilled lizards
  5 kobolds
  4 rats
100 creatures vanquished.

Notes
Turn   | Place    | Note
-------+----------+-------------------------------------------
     0 | D:1      | Zebedee the Ogre Fire Elementalist began the quest for the
                  | Orb.
     0 | D:1      | Reached XP level 1. HP: 16/16 MP: 3/3
   132 | D:1      | Reached skill level 1 in Conjurations
   437 | D:1      | Reached XP level 2. HP: 24/24 MP: 1/5
  1323 | D:2      | Found a glowing silver altar of Zin.
  1386 | D:2      | Found a white marble altar of Elyvilon.
  1400 | D:2      | Found a snail-covered altar of Cheibriados.
  1402 | D:2      | Became a worshipper of Elyvilon the Healer
  1464 | D:2      | Found a hide-covered altar of Uskayaw.
  1492 | D:2      | Reached XP level 3. HP: 32/32 MP: 3/6
  2242 | D:2      | Reached skill level 3 in Spellcasting
  2300 | D:2      | Reached * piety under Elyvilon
  2422 | D:3      | Reached XP level 4. HP: 40/40 MP: 0/8
  2696 | D:3      | Learned a level 3 spell: Conjure Flame
  2701 | D:3      | Learned a level 4 spell: Sticky Flame
  2720 | D:3      | Found a shadowy altar of Dithmenos.
  3233 | D:4      | Reached ** piety under Elyvilon
  3435 | D:4      | Reached skill level 1 in Fighting
  3435 | D:4      | Reached XP level 5. HP: 31/48 MP: 4/10
  3809 | D:4      | Noticed Natasha
  3819 | D:4      | Killed Natasha
  3914 | D:4      | Found a hazy altar of Hepliaklqana.
  3972 | D:4      | Noticed Natasha
  3982 | D:4      | Killed Natasha
  3982 | D:4      | Reached XP level 6. HP: 34/57 MP: 3/11
  4134 | D:4      | Reached skill level 4 in Spellcasting
  4491 | D:4      | Found the +5 scythe "Finisher" {speed, Str+3}
  4677 | D:5      | Entered Level 5 of the Dungeon
  4684 | D:5      | Reached *** piety under Elyvilon
  4687 | D:5      | Found a sand-covered staircase.
  4716 | D:5      | Got a bloodstained whip
  4717 | D:5      | Identified the +8 whip "Giant's Demise" {antimagic, *Rage
                  | rC+ MP+9 Dex+2} (You found it on level 5 of the Dungeon)
  4779 | Ossuary  | Entered an ossuary
  4863 | Ossuary  | Reached XP level 7. HP: 14/67 MP: 6/13
  5142 | Ossuary  | Reached skill level 1 in Axes
  5319 | Ossuary  | Reached skill level 5 in Spellcasting
  5374 | Ossuary  | Reached XP level 8. HP: 30/79 MP: 10/15
  5705 | D:5      | Found a shattered altar of Ashenzari.
  5841 | D:5      | Reached skill level 5 in Fire Magic
  5899 | D:5      | Learned a level 5 spell: Fireball
  6146 | D:5      | Found Datz's Jewellery Shoppe.
  6175 | D:5      | Found an iron altar of Okawaru.
  6379 | D:5      | Found a blossoming altar of Fedhas.
  6429 | D:6      | Reached **** piety under Elyvilon
  6577 | D:5      | Reached skill level 5 in Fighting
  6732 | D:6      | Found a staircase to the Ecumenical Temple.
  6752 | Temple   | Entered the Ecumenical Temple
  7046 | D:6      | Reached skill level 6 in Spellcasting
  7536 | D:6      | Found a glowing golden altar of the Shining One.
  7688 | D:7      | Slain by a worker ant

Skill      XL: |  1  2  3  4  5  6  7  8 |
---------------+-------------------------+-----
Conjurations   | 1 2 3 4 |  4.3
Fire Magic     | 3 4 5 |  5.6
Spellcasting   | 3 4 5 6 |  6.0
Fighting       | 1 2 3 4 5 |  5.7
Axes           | 2 3 |  3.1
Dodging        | |  1.7
Stealth        | |  1.4

Action                   |  1- 3 |  4- 6 |  7- 9 || total
-------------------------+-------+-------+-------++-------
Melee: Unarmed           |     3 |       |       ||     3
       Short sword       |     4 |       |       ||     4
       Morningstar       |       |     7 |       ||     7
       War axe           |       |    15 |    52 ||    67
       Whip              |       |    11 |       ||    11
 Cast: Flame Tongue      |    70 |    67 |   108 ||   245
       Conjure Flame     |       |     2 |     8 ||    10
  Use: Scroll            |       |     5 |     3 ||     8
  Eat: Chunk             |     5 |     6 |     6 ||    17
       Ration            |       |     1 |       ||     1
Armor: Robe              |    23 |    15 |    20 ||    58
Dodge: Dodged            |    41 |    37 |    63 ||   141
